 Dungeon Crawl Stone Soup version 0.28-a0-1143-gcf6077d4cc (webtiles) character file.

Game seed: 624180496282636900

27 SensoryNuts the Slasher (level 2, 0/34 HPs)
             Began as a Demonspawn Gladiator on Dec 13, 2021.
             Killed from afar by Natasha (6 damage)
             ... with a magic dart
             ... on level 2 of the Dungeon.
             The game lasted 00:01:05 (1320 turns).

SensoryNuts the Slasher (Demonspawn Gladiator)      Turns: 1320, Time: 00:01:06

Health: 0/34       AC:  4    Str: 14    XL:     2   Next: 93%
Magic:  2/2        EV: 12    Int:  9    God:
Gold:   36         SH:  4    Dex: 14    Spells: 1/1 levels left

rFire   . . .      SeeInvis .   i - +0 scythe
rCold   . . .      Faith    .   (shield currently unavailable)
rNeg    . . .      Spirit   .   b - +0 leather armour
rPois   .          Reflect  .   c - +0 helmet
rElec   .          Harm     .   (no cloak)
rCorr   .          Rampage  .   (no gloves)
Will    .....                   (no boots)
Stlth   ..........              (no amulet)
HPRegen 0.11/turn               (no ring)
MPRegen 0.08/turn               (no ring)

@: berserking, slowed
A: condensation shield
a: no special abilities


You were on level 2 of the Dungeon.
You visited 1 branch of the dungeon, and saw 2 of its levels.

You collected 36 gold pieces.

Inventory:

Hand Weapons
 a - a +0 long sword
 i - a +0 scythe (weapon)
Missiles
 d - 6 throwing nets (quivered)
Armour
 b - a +0 leather armour (worn)
 c - a +0 helmet (worn)
Jewellery
 h - a ring of see invisible
Scrolls
 e - a scroll of identify {unknown}
Potions
 f - a potion of brilliance {unknown}


   Skills:
 + Level 2.5 Fighting
 + Level 3.0 Long Blades
 + Level 0.1 Polearms
 + Level 1.8 Throwing
 + Level 3.0 Dodging


You had one spell level left.
You didn't know any spells.
Your spell library was empty.

Dungeon Overview and Level Annotations

Branches:
Dungeon (2/15)

Altars:

Annotations:
D:2 Natasha


Innate Abilities, Weirdness & Mutations

A meltable shield of frost defends you. (SH +4)


Message History

You closely miss Natasha. Natasha claws you.
Natasha stares at you and mumbles some strange words.
The magic dart hits you!
Natasha mumbles some strange words.
The crimson imp closely misses you.
You are too injured to fight recklessly!
You are too injured to fight recklessly!
You are too injured to fight recklessly!
You are too injured to fight recklessly!
You are too injured to fight recklessly!
You are too injured to fight recklessly!
You are too injured to fight recklessly!
You are too injured to fight recklessly!
You are too injured to fight recklessly!
You are too injured to fight recklessly!
You are too injured to fight recklessly!
You are too injured to fight recklessly!
You are too injured to fight recklessly!
There are monsters nearby!
Unknown command.
It was a potion of berserk rage.
A red film seems to cover your vision as you go berserk!
You feel yourself moving faster!
You feel mighty! Natasha claws you. The crimson imp barely misses you.
You barely miss the crimson imp. Natasha claws you.
* * * LOW HITPOINT WARNING * * *
The crimson imp closely misses you.
Natasha casts a spell.
The crimson imp hits you.
* * * LOW HITPOINT WARNING * * *
You barely miss the crimson imp. Natasha barely misses you.
The crimson imp hits you.
* * * LOW HITPOINT WARNING * * *
The shadow imp grins evilly.
The crimson imp barely misses you. Natasha barely misses you.
The crimson imp barely misses you.
You closely miss the crimson imp. You block the crimson imp's attack.
Natasha stares at you and mumbles some strange words.
The magic dart hits you.
You die...

#........####.## #.#.# #.
######.#####....## #.#.# ##
.................# #.#.# ######
##.###'#####.....# #.#.# #.....
#...............# #.#.## #.#.##
#.............#.# #..# #..#..
#.............#.####.#..###..≈..
#....................#..##.#≈.≈.
#.............#@5###.#..#.#..≈.≈
#............)#h5###.#....#...≈.
#.............#5..........#...≈≈
........#####.##.###.#....#...≈≈
.....#....#..≈.≈ #.##
#..##.#≈≈≈≈ #.. #..##..#..≈
#.###..##...#.≈ ##............##


You could see Natasha, 2 crimson imps and a shadow imp (summoned).

Vanquished Creatures
  A dart slug (D:2)
  An endoplasm (D:1)
  5 goblins (D:2)
  3 hobgoblins
  6 ball pythons (D:1)
  2 bats
  3 kobolds (D:1)
  4 rats (D:1)
25 creatures vanquished.

Notes
Turn   | Place    | Note
-------+----------+-------------------------------------------
     0 | D:1      | SensoryNuts the Demonspawn Gladiator began the quest for
                  | the Orb.
     0 | D:1      | Reached XP level 1. HP: 16/16 MP: 1/1
   153 | D:1      | Gained mutation: A meltable shield of frost defends you.
                  | (SH +4) [demonic ancestry]
   153 | D:1      | Reached XP level 2. HP: 22/22 MP: 2/2
   863 | D:2      | Found a faded altar of an unknown god.
  1312 | D:2      | Noticed Natasha
  1316 | D:2      | Noticed a crimson imp
  1319 | D:2      | Noticed a crimson imp
  1320 | D:2      | Killed from afar by Natasha

Illustrated notes

Levels and vault maps discovered:
D:1:      sevenhm_arrival_forest_fort_small_4, layout_loops_ring
D:2:      layout_basic, shapermc_ecumenical_altar_starsandcircs, uniq_robin,
          uniq_natasha

Skill      XL: |  1  2 |
---------------+-------+-----
Long Blades    | 3 |  3.0
Dodging        | 3 |  3.0
Fighting       | |  2.5
Polearms       | |  0.1
Throwing       | |  1.8

Action                   || total
-------------------------++-------
Melee: Long sword        ||    48
       Scythe            ||    24
  Use: Potion            ||     1
 Stab: Sleeping          ||     1
Armor: Leather armour    ||    23
Dodge: Dodged            ||    67
Block: Other             ||    12

Table legend: (Time is in decaauts)
 A = Elapsed time spent in this place.
 B = Non-inter-level travel time spent in this place.
 C = Inter-level travel time spent in this place.
 D = Time resting spent in this place.
 E = Time spent auto-exploring this place.
 F = Levels seen in this place.
 G = Mean time per level.
                   A        B        C        D        E       F      G
               +--------+--------+--------+--------+--------+-----+--------+
         Total |   1363 |   1363 |      0 |      0 |   1096 |   2 |  681.5 |
       Dungeon |   1363 |   1363 |      0 |      0 |   1096 |   2 |  681.5 |
               +--------+--------+--------+--------+--------+-----+--------+

Top non-repeatable levels by time:
     D:1: 852 daAuts
     D:2: 511 daAuts
